 Dungeon Crawl Stone Soup version 0.31-a0-271-gb88eb75e06 (webtiles) character file.

Game seed: 18118966466720651862

65 tilp the Sneak (level 3, -8/26 HPs)
             Began as a Vampire Enchanter on July 14, 2023.
             Killed by nerve-wracking pain
             ... invoked by Grinder
              (13 damage)
             ... on level 3 of the Dungeon.
             The game lasted 00:02:21 (2182 turns).

tilp the Sneak (Vampire Enchanter)                  Turns: 2182, Time: 00:02:22

Health: -8/26      AC:  2    Str:  7    XL:     3   Next: 92%
Magic:  4/6        EV: 12    Int: 19    God:
Gold:   127        SH:  0    Dex: 14    Spells: 2/7 levels left

rFire   . . .        a - +1 dagger
rCold   . . .        (no shield)
rNeg    . . .        b - +0 robe
rPois   .            (no helmet)
rElec   .            (no cloak)
rCorr   .            (no gloves)
SInv    +            (no boots)
Will    .....        (no amulet)
Stlth   +++          j - +4 ring of slaying
HPRegen 0.44/turn    (no ring)
MPRegen 0.10/turn

%: no passive effects
@: very slightly contaminated, healing quickly, invisible
A: alive, fangs 3, see invisible, vampiric 2
a: Exsanguinate


You were on level 3 of the Dungeon.
You visited 1 branch of the dungeon, and saw 3 of its levels.

You collected 127 gold pieces.

Inventory:

Hand Weapons
 a - a +1 dagger (weapon)
 i - a +2 whip of freezing
 k - a +2 dagger of holy wrath
Missiles
 e - 37 stones
 r - 5 poisoned darts
Armour
 b - a +0 robe (worn)
Magical Staves
 m - a staff of cold
Jewellery
 j - a +4 ring of slaying (left hand)
 q - an amulet of guardian spirit
Scrolls
 l - 2 scrolls of teleportation
 n - a scroll of enchant weapon {unknown}
 s - a scroll of butterflies {unknown}
Potions
 c - a potion of invisibility
 d - a potion of might {unknown}
 f - 2 potions of lignification
 g - a potion of brilliance {unknown}
 h - a potion of degeneration {unknown}
 o - 4 potions of curing
 p - a potion of mutation {unknown}


   Skills:
 * Level 1.2 Fighting
 * Level 2.2 Short Blades
 + Level 2.5 Dodging
 + Level 4.9 Stealth
 * Level 2.5 Spellcasting
 + Level 4.7 Hexes


You had 2 spell levels left.
You knew the following spells:

 Your Spells              Type           Power      Damage    Failure   Level
a - Ensorcelled Hibernat  Hex/Ice        22%        N/A       10%         2
b - Confusing Touch       Hex            20%        N/A       7%          3

Your spell library contained the following spells:

 Spells                   Type           Power      Damage    Failure   Level
 Sublimation of Blood     Necr           2%         N/A       24%         2
 Tukima's Dance           Hex            20%        N/A       7%          3
 Dazzling Flash           Conj/Hex       22%        N/A       19%         3
 Vampiric Draining        Necr           2%         2d6       43%         3
 Agony                    Necr           2%         N/A       99%         5


Dungeon Overview and Level Annotations

Branches:
Dungeon (3/15)

Altars:

Annotations:
D:3 1 runed translucent door, Crazy Yiuf, Grinder, Sigmund


Innate Abilities, Weirdness & Mutations

Your natural rate of healing is accelerated.
You have razor-sharp teeth.
You have supernaturally acute eyesight. (SInv)
You are afflicted with vampirism and can become a bat while bloodless.


Message History

Grinder is moderately wounded.
Grinder says, "Wait up."
Grinder closely misses you.
You hit Grinder. Your bite misses Grinder.
Grinder is heavily wounded.
Grinder misses you.
You closely miss Grinder.
Grinder is heavily wounded.
Grinder hits you but does no damage.
You hit Grinder.
Grinder is heavily wounded.
Sigmund the Dreaded comes into view.
He is wielding a +4 scythe of holy wrath.
Grinder gestures at you. Pain shoots through your body!
You hit Grinder.
Grinder is heavily wounded.
Sigmund screams, "Die, monster!"
Sigmund closely misses you.
Grinder blinks!
Unknown command.
Grinder hits you.
Casting: Ensorcelled Hibernation (safe; 10% risk of failure)
Confirm with . or Enter, or press ? or * to list all spells.
Aiming: Ensorcelled Hibernation (safe; 10% risk of failure)
Press: ? - help, Shift-Dir - straight line, f - Sigmund
Aim: Sigmund, wielding a +4 scythe of holy wrath and wearing a +0 robe (chance to affect: 53%)
You miscast Ensorcelled Hibernation.
You are very lightly contaminated with residual magic.
Nothing appears to happen.
Sigmund mumbles some strange words.
Sigmund flickers and vanishes for a moment.
Grinder hits you!
* * * LOW HITPOINT WARNING * * *
You writhe in agony.
* * * LOW HITPOINT WARNING * * *
Unknown command.
You fade into invisibility!
Grinder gestures at you. Pain shoots through your body!
Ouch! That really hurt!
You die...

#.# #..............
#########.# #......##....##
..........####......##......
............##......##....##
..........#.##......##....##
#.#######.#.##......##....##
#.#.##......##....#.
#.#5#####........... #.#@#
#.#########. ..#.# #.#
#...#. ###@# #)# #.#.#. ..#
#.# #.#... #### #.# #.#...
#.#####.#.##
######.....#.#.#
#............#.##
#..........###...


You could see Grinder (unable to see you) and Sigmund (invisible, unable to see
you).

Vanquished Creatures
  An adder (D:3)
  2 worms (D:3)
  2 dart slugs
  2 orcs (D:3)
  An endoplasm (D:3)
  A giant cockroach (D:1)
  4 hobgoblins
  3 jackals (D:2)
  A quokka (D:3)
  6 ball pythons
  8 bats
  5 frilled lizards
  3 goblins
  4 kobolds
  3 rats (D:1)
46 creatures vanquished.

Notes
Turn   | Place    | Note
-------+----------+-------------------------------------------
     0 | D:1      | tilp the Vampire Enchanter began the quest for the Orb.
     0 | D:1      | Reached XP level 1. HP: 13/13 MP: 3/3
   613 | D:1      | Reached XP level 2. HP: 19/20 MP: 5/5
   625 | D:1      | Learned a level 2 spell: Ensorcelled Hibernation
  1346 | D:2      | Gained mutation: You are afflicted with vampirism and can
                  | become a bat while bloodless. [Vampire growth]
  1346 | D:2      | Reached XP level 3. HP: 24/25 MP: 6/6
  1350 | D:2      | Learned a level 3 spell: Confusing Touch
  1601 | D:3      | Reached skill level 1 in Fighting
  1648 | D:3      | Got Kives's Grimoire of Unspeakable Secrets
  1760 | D:3      | Found a runed translucent door.
  1761 | D:3      | Noticed Crazy Yiuf
  2167 | D:3      | Noticed Grinder
  2178 | D:3      | Noticed Sigmund
  2182 | D:3      | Killed from afar by Grinder

Illustrated notes

Levels and vault maps discovered:
D:1:      dpeg_arrival_snail, layout_basic, st_stairs_10
D:2:      layout_loops_ring, serial_forest, infiniplex_forest_zigzag_1,
          infiniplex_forest_clump_medium, infiniplex_forest_fountain,
          infiniplex_forest_lined_3_way, infiniplex_forest_straight_4,
          infiniplex_forest_diagonal, infiniplex_forest_clump_small,
          infiniplex_forest_lined_3_way, infiniplex_forest_end_3,
          serial_park_tiny_pond
D:3:      layout_basic, uniq_grinder, uniq_sigmund, uniq_ijyb,
          uniq_crazy_yiuf_cottage

Skill      XL: |  1  2  3 |
---------------+----------+-----
Short Blades   | 2 |  2.2
Fighting       | 1 |  1.2
Dodging        | |  2.5
Stealth        | |  4.9
Spellcasting   | |  2.5
Hexes          | |  4.7

Action                     || total
---------------------------++-------
  Melee: Dagger            ||    89
         Bite              ||    10
   Cast: Ensorcelled Hiber ||     8
    Use: Scroll            ||     4
         Potion            ||     1
   Stab: Sleeping          ||    21
 Armour: Robe              ||    13
  Dodge: Dodged            ||    27

Table legend: (Time is in decaauts)
 A = Elapsed time spent in this place.
 B = Non-inter-level travel time spent in this place.
 C = Inter-level travel time spent in this place.
 D = Time resting spent in this place.
 E = Time spent auto-exploring this place.
 F = Levels seen in this place.
 G = Mean time per level.
                   A        B        C        D        E       F      G
               +--------+--------+--------+--------+--------+-----+--------+
         Total |   2176 |   2127 |     49 |      0 |   1788 |   3 |  725.3 |
       Dungeon |   2176 |   2127 |     49 |      0 |   1788 |   3 |  725.3 |
               +--------+--------+--------+--------+--------+-----+--------+

Top non-repeatable levels by time:
     D:1: 785 daAuts
     D:2: 710 daAuts
     D:3: 680 daAuts
